 Dungeon Crawl Stone Soup version 0.23.2-1-ga50397a (webtiles) character file.

Game seed: 16669933782949480290

1539 night the Destroyer (level 8, -3/41 HPs)
             Began as a Gargoyle Wizard on Apr 14, 2019.
             Was a Priest of Cheibriados.
             Killed by divine providence
             ... invoked by an orc priest
              (9 damage)
             ... on level 6 of the Dungeon.
             The game lasted 00:23:44 (7629 turns).

night the Destroyer (Gargoyle Wizard)               Turns: 7629, Time: 00:23:45

Health: -3/41      AC: 13    Str: 20    XL:     8   Next: 86%
Magic:  8/19       EV: 11    Int: 28    God:    Cheibriados [***...]
Gold:   251        SH:  0    Dex: 16    Spells: 11/22 levels left

rFire    . . .     SeeInvis .   n - +0 morningstar
rCold    . . .     Gourm    .   (no shield)
rNeg     + . .     Faith    .   t - +0 ring mail
rPois    ∞         Spirit   .   l - +0 helmet
rElec    +         Reflect  .   j - +0 cloak
rCorr    .         Harm     .   (no gloves)
MR       .....                  (no boots)
Stlth    +.........             (no amulet)
HPRegen  0.13/turn              c - ring of wizardry
MPRegen  0.16/turn              v - ring of wizardry

@: very slow
A: negative energy resistance 1, electricity resistance, unbreathing,
petrification resistance, rot immunity, AC +5
a: Bend Time, Temporal Distortion, Renounce Religion


You were on level 6 of the Dungeon.
You worshipped Cheibriados.
Cheibriados was most pleased with you.
You were not hungry.

You visited 2 branches of the dungeon, and saw 7 of its levels.

You collected 251 gold pieces.

Inventory:

Hand Weapons
 n - a +0 morningstar (weapon)
Missiles
 g - 17 bolts
 h - 67 stones (quivered)
 B - 13 arrows
Armour
 e - a +0 buckler
 j - a +0 cloak (worn)
 l - a +0 helmet (worn)
 r - a +0 robe
 t - a +0 ring mail (worn)
 u - a +0 hat
Magical Staves
 b - an uncursed staff of conjuration
Jewellery
 c - a ring of wizardry (left hand)
 v - a ring of wizardry (right hand)
Wands
 i - a wand of polymorph (1)
 y - a wand of acid (2)
Scrolls
 a - a scroll of enchant armour {unknown}
 k - a scroll of fear
 m - 2 scrolls of remove curse
 p - a scroll of magic mapping
 x - 6 scrolls of identify
 z - 2 scrolls of enchant weapon
 A - a scroll of fog {unknown}
 D - a scroll of immolation {unknown}
 E - a scroll of teleportation {unknown}
Potions
 f - a potion of curing
 q - 2 potions of might
 s - a potion of haste {unknown}
 w - 3 potions of heal wounds {unknown}
Comestibles
 d - 6 rations
 o - 6 chunks of flesh


   Skills:
 + Level 7.9 Maces & Flails
 + Level 4.1 Armour
 - Level 1.5 Dodging
 - Level 2.1 Stealth
 - Level 1.1 Shields
 - Level 7.6 Spellcasting
 - Level 8.4 Conjurations
 - Level 0.8 Summonings
 - Level 0.8 Translocations


You had 11 spell levels left.
You knew the following spells:

 Your Spells              Type           Power        Failure   Level  Hunger
a - Magic Dart            Conj           ####         1%          1    None
b - Call Imp              Summ           ###.....     2%          2    None
c - Conjure Flame         Conj/Fire      ####....     1%          3    None
d - Mephitic Cloud        Conj/Pois/Air  ####....     2%          3    None
e - Blink                 Tloc           N/A          2%          2    None

Your spell library contained the following spells:

 Spells                   Type           Power        Failure   Level  Hunger
 Slow                     Hex            ##......     3%          2    None


Dungeon Overview and Level Annotations

Branches:
Dungeon (6/15)             Temple (1/1) D:4

Altars:
Ashenzari
Cheibriados
Elyvilon
Fedhas
Gozag
Hepliaklqana
Kikubaaqudgha
Makhleb
Nemelex Xobeh
Okawaru
Qazlal
Sif Muna
Trog
Uskayaw
Vehumet
Wu Jian
Xom
Yredelemnul
Zin

Shops:
D:4 *


Innate Abilities, Weirdness & Mutations

You are resistant to torment.
Your stone body is resilient. (AC +5)
You are immune to poison.
You resist negative energy. (rN+)
You are resistant to electric shocks. (rElec)
You can survive without breathing.
You are immune to petrification.
You are immune to rotting.


Message History

Aim: an orc priest, wielding a +0 mace and wearing a +0 leather armour
Okay, then.
Casting: Magic Dart (safe; 1% risk of failure)
Confirm with . or Enter, or press ? or * to list all spells.
Aiming: Magic Dart (safe; 1% risk of failure)
Press: ? - help, Shift-Dir - straight line, f - orc priest
Aim: an orc priest, wielding a -2 flail and wearing a +0 leather armour (heavily wounded)
The magic dart hits the orc priest.
The orc priest is severely wounded.
The orc priest closely misses your crimson imp.
The orc priest mumbles some strange prayers to Beogh against you.
Beogh smites you!
* * * LOW HITPOINT WARNING * * *
Your shadow imp hits the orc priest.
You feel better.
Your crimson imp hits the orc priest but does no damage.
The orc priest closely misses your shadow imp.
The orc priest invokes the aid of Beogh against you.
Beogh smites you!
You die...

##..........
##.%.........
#............
#...........
#..........
##o5...... ####
##55o...... ###..#
##.)##....## ##....##
##.@## ?.###
##......# ##..## ..#
##.......# ##..###
..#
.#.......###.....# .#
.........##..#.......
.#
##.......#..###..>...
#..........## ......
#.........## ......
#.........## ......


You could see 2 orc priests, 2 friendly crimson imps and a friendly shadow imp.

Vanquished Creatures
  A hornet (D:5)
  A basilisk (D:4)
  A water moccasin (D:4)
  An ogre (D:5)
  A centaur (D:5)
  A howler monkey (D:4)
  A crimson imp (D:5)
  A centaur zombie (D:6)
  4 hounds
  A centaur skeleton (D:5)
  A bullfrog skeleton (D:5)
  2 orc priests (D:6)
  3 worker ants
  An iguana (D:6)
  7 orc wizards
  3 gnolls (D:5)
  4 adders
  2 oozes
  3 worms
  4 dart slugs
  4 leopard geckos
  16 orcs
  2 ball pythons
  5 bats
  5 giant cockroaches
  7 goblins
  9 hobgoblins
  12 jackals
  2 quokkas
  5 frilled lizards
  A jackal skeleton (D:4)
  6 kobolds
  4 quokka skeletons
  3 rats
124 creatures vanquished.

Vanquished Creatures (collateral kills)
  An orc priest (D:6)
1 creature vanquished.

Grand Total: 125 creatures vanquished

Notes
Turn   | Place    | Note
-------+----------+-------------------------------------------
     0 | D:1      | night the Gargoyle Wizard began the quest for the Orb.
     0 | D:1      | Reached XP level 1. HP: 10/10 MP: 4/4
   670 | D:1      | Reached XP level 2. HP: 15/15 MP: 1/6
  1107 | D:1      | Reached skill level 2 in Conjurations
  1569 | D:2      | Learned a level 2 spell: Call Imp
  1710 | D:2      | Reached XP level 3. HP: 19/19 MP: 4/7
  1883 | D:2      | Learned a level 3 spell: Conjure Flame
  2477 | D:2      | Found a blossoming altar of Fedhas.
  2699 | D:2      | Found a sparkling altar of Nemelex Xobeh.
  3111 | D:3      | Found an iron altar of Okawaru.
  3133 | D:3      | Reached skill level 3 in Conjurations
  3133 | D:3      | Reached XP level 4. HP: 20/24 MP: 6/9
  3183 | D:3      | Found a snail-covered altar of Cheibriados.
  3194 | D:3      | Became a worshipper of Cheibriados the Contemplative
  3256 | D:3      | Learned a level 3 spell: Mephitic Cloud
  3753 | D:3      | Found a hide-covered altar of Uskayaw.
  3875 | D:3      | Reached * piety under Cheibriados
  3982 | D:3      | Learned a level 2 spell: Blink
  4151 | D:4      | Reached skill level 7 in Conjurations
  4151 | D:4      | Reached XP level 5. HP: 8/28 MP: 0/14
  4404 | D:3      | Reached skill level 8 in Conjurations
  4404 | D:3      | Reached XP level 6. HP: 32/32 MP: 11/16
  4983 | D:4      | Found a staircase to the Ecumenical Temple.
  5070 | Temple   | Entered the Ecumenical Temple
  5306 | D:4      | Found Peppul's Serpentskin Sales.
  5306 | D:4      | Noticed a water moccasin
  5306 | D:4      | Noticed a water moccasin
  5321 | D:4      | Noticed a basilisk
  5321 | D:4      | a water moccasin changed into a basilisk
  5326 | D:4      | Killed a basilisk
  5326 | D:4      | Reached XP level 7. HP: 12/36 MP: 11/18
  5334 | D:4      | Reached ** piety under Cheibriados
  5918 | D:5      | Entered Level 5 of the Dungeon
  5977 | D:5      | Found an ancient bone altar of Kikubaaqudgha.
  6075 | D:5      | Reached skill level 1 in Armour
  6075 | D:5      | Reached skill level 1 in Shields
  6194 | D:5      | Found a glowing silver altar of Zin.
  6382 | D:5      | Reached XP level 8. HP: 37/41 MP: 12/19
  6573 | D:5      | Noticed a hornet
  6599 | D:5      | Killed a hornet
  6599 | D:5      | Reached *** piety under Cheibriados
  7192 | D:6      | HP: 1/41 [something (4)]
  7439 | D:6      | Found a shattered altar of Ashenzari.
  7456 | D:6      | Found a sparkling altar of Nemelex Xobeh.
  7628 | D:6      | HP: 1/41 [orc priest/divine providence (13)]
  7629 | D:6      | Killed from afar by an orc priest

Skill      XL: |  1  2  3  4  5  6  7  8 |
---------------+-------------------------+-----
Conjurations   | 2 3 7 8 |  8.4
Spellcasting   | 7 |  7.6
Maces & Flails | 6 7 |  7.9
Armour         | 1 4 |  4.1
Shields        | 1 |  1.1
Dodging        | |  1.5
Stealth        | |  2.1
Summonings     | |  0.8
Translocations | |  0.8

Action                   |  1- 3 |  4- 6 |  7- 9 || total
-------------------------+-------+-------+-------++-------
Melee: Unarmed           |    37 |       |       ||    37
       Dagger            |     4 |    29 |       ||    33
       Flail             |       |    62 |    74 ||   136
       Morningstar       |       |       |     5 ||     5
       Staff             |       |       |     1 ||     1
Throw: Stone             |     4 |       |       ||     4
 Cast: Magic Dart        |    94 |    72 |   109 ||   275
       Call Imp          |     1 |       |     4 ||     5
       Mephitic Cloud    |       |     6 |     5 ||    11
       Conjure Flame     |       |     1 |       ||     1
Evoke: Wand              |       |     1 |       ||     1
  Use: Potion            |       |     1 |     4 ||     5
       Scroll            |       |     6 |       ||     6
 Stab: Sleeping          |       |     1 |       ||     1
  Eat: Chunk             |     7 |     4 |     3 ||    14
Armor: Robe              |    19 |    46 |       ||    65
       Ring mail         |       |    16 |    51 ||    67
Dodge: Dodged            |    32 |    70 |    55 ||   157
Block: Buckler           |       |       |     7 ||     7
